[Event "January 9 Early 2024"]
[Site "https://www.chess.com"]
[Date "2024.01.11"]
[Round "7"]
[White "Toktomushev, Teimur"]
[Black "Recuero Guerra, Javier"]
[Result "1-0"]
[Board "183"]
[TimeControl "180+1"]
[WhiteFideId "14176726"]
[BlackFideId "2254085"]
[WhiteElo "2475"]
[BlackElo "2294"]
[WhiteTeam "UKR"]
[BlackTeam "ESP"]
[WhiteClock "0:00:02"]
[BlackClock "0:00:02"]

1. d4 Nf6 2. c4 e6 3. Nf3 b6 4. g3 Bb7 5. Bg2 Be7 6. O-O O-O 7. Qc2 c5 8. d5 exd5 9. Nh4 Bc6 10. Nc3 d4 11. Nd5 Bxd5 12. cxd5 d6 13. Nf5 Nbd7 14. Bf4 Ne8 15. Qe4 Bf6 16. Bxd6 Nxd6 17. Nxd6 Qc7 18. Nb5 Qe5 19. Qg4 Rad8 20. Na3 Rfe8 21. Rfe1 Qg5 22. Qxg5 Bxg5 23. Nc4 Ne5 24. Nxe5 Rxe5 25. f4 Re3 26. fxg5 Rde8 27. Kf2 R8e5 28. h4 Rf5+ 29. Bf3 Rfe5 30. Rad1 Kf8 31. Rd3 Rxd3 32. exd3 Rxe1 33. Kxe1 Ke7 34. Kf2 Kd6 35. Be4 g6 36. Kf3 Ke5 37. h5 b5 38. hxg6 hxg6 39. b3 a5 40. a4 bxa4 41. bxa4 1-0

[Event "January 9 Early 2024"]
[Site "https://www.chess.com"]
[Date "2024.01.11"]
[Round "7"]
[White "Novozhilov, Semen"]
[Black "Christiansen, Johan-Sebastian"]
[Result "1-0"]
[Board "184"]
[TimeControl "180+1"]
[WhiteFideId "24289167"]
[BlackFideId "1512668"]
[WhiteElo "2716"]
[BlackElo "2868"]
[WhiteTeam "RUS"]
[BlackTeam "NOR"]
[WhiteClock "0:00:13"]
[BlackClock "0:00:03"]

1. d4 g6 2. e4 Bg7 3. Nc3 d6 4. Nf3 a6 5. Be3 e6 6. Qd2 Ne7 7. a3 h6 8. Bd3 b6 9. O-O Nd7 10. b4 Bb7 11. h3 g5 12. Rab1 Ng6 13. g3 O-O 14. Bc4 Qe7 15. a4 Kh8 16. d5 f5 17. dxe6 Nde5 18. Be2 fxe4 19. Nxe5 Nxe5 20. Nd5 Qxe6 21. Rfd1 Qxh3 22. Qe1 Rf7 23. Qf1 Qe6 24. c4 Raf8 25. Rb3 Qg6 26. Bd4 h5 27. Qh3 g4 28. Qg2 Bxd5 29. cxd5 Nf3+ 30. Bxf3 gxf3 31. Qh3 Bxd4 32. Rxd4 Rf4 33. Rc3 Rg4 34. Rxc7 h4 35. Re7 Kg8 36. Qxg4 Qxg4 37. Rexe4 Qh3 38. Rg4+ Kf7 39. gxh4 Rg8 40. Rf4+ Ke7 41. Rxg8 a5 42. bxa5 bxa5 43. Rg3 Qc8 44. Rg7+ Ke8 45. Rg8+ Ke7 46. Rxc8 1-0

[Event "January 9 Early 2024"]
[Site "https://www.chess.com"]
[Date "2024.01.11"]
[Round "7"]
[White "Joie, Sebastien"]
[Black "Guzman Lozano, Campo Elias"]
[Result "1-0"]
[Board "185"]
[TimeControl "180+1"]
[WhiteFideId "650420"]
[BlackFideId "4403746"]
[WhiteElo "2441"]
[BlackElo "2161"]
[WhiteTeam "FRA"]
[BlackTeam "COL"]
[WhiteClock "0:00:04"]
[BlackClock "0:00:31"]

1. d4 Nf6 2. c4 g6 3. Nc3 d5 4. cxd5 Nxd5 5. Bd2 Bg7 6. e4 Nb6 7. Be3 N8d7 8. f4 Nf6 9. Nf3 O-O 10. Bd3 Bg4 11. O-O Nfd7 12. a4 Rc8 13. a5 Na8 14. Qb3 b6 15. Ng5 c5 16. Ba6 cxd4 17. Bxc8 Nc5 18. Qd5 Bxc8 19. Qxa8 dxe3 20. Rfd1 Bd7 21. Qxd8 Rxd8 22. axb6 axb6 23. Ra7 Bxc3 24. bxc3 e2 25. Re1 Bb5 26. Nf3 Rd7 27. Rxd7 Nxd7 28. Nd4 Bd3 29. Nxe2 Bxe4 30. Ng3 Bd5 31. Rxe7 Be6 32. Re8+ Kg7 33. Kf2 Nf6 34. Rb8 Nd5 35. Rb7 Nxf4 36. Rxb6 Nd5 37. Rc6 Kf6 38. Ne4+ Ke5 39. Ng5 h6 40. Nxe6 fxe6 41. c4 Nf6 42. Rc5+ Kd4 43. Rc6 Ke5 44. Kf3 Ne8 45. Rc8 Nd6 46. Rc6 Nf5 47. Rc8 h5 48. h3 g5 49. g4 Nd4+ 50. Ke3 hxg4 51. Rc5+ Kf6 52. Kxd4 gxh3 53. Ra5 g4 54. Ke3 h2 55. Rh5 g3 56. Kf3 Kg6 57. Rh3 1-0

[Event "January 9 Early 2024"]
[Site "https://www.chess.com"]
[Date "2024.01.11"]
[Round "7"]
[White "Kruckenhauser, Arthur"]
[Black "Arabidze, Meri"]
[Result "0-1"]
[Board "186"]
[TimeControl "180+1"]
[WhiteFideId "1642812"]
[BlackFideId "13604040"]
[WhiteElo "2556"]
[BlackElo "2722"]
[WhiteTeam "AUT"]
[BlackTeam "GEO"]
[WhiteClock "0:00:02"]
[BlackClock "0:00:16"]

1. d4 Nf6 2. Nf3 e6 3. c3 b6 4. Bg5 Ba6 5. g3 Be7 6. Bg2 O-O 7. O-O h6 8. Bxf6 Bxf6 9. Re1 d5 10. Nbd2 Be7 11. e4 c6 12. Ne5 Bb7 13. f4 a5 14. f5 exf5 15. exf5 Nd7 16. Ndf3 Nf6 17. Nd2 Re8 18. Qf3 Qc7 19. Re3 Nh7 20. h4 Bd6 21. Rae1 c5 22. Nf1 Nf6 23. Ng4 Ne4 24. f6 h5 25. Nf2 Nxf6 26. Rxe8+ Rxe8 27. Rxe8+ Nxe8 28. Qxh5 Bxg3 29. Ng4 cxd4 30. Bxd5 Bxd5 31. Qxd5 Qf4 32. Qxd4 Qxd4+ 33. cxd4 Bxh4 34. Nfe3 Nd6 35. Ne5 b5 36. Nd5 a4 37. Nc3 Bg5 38. Kf2 Bc1 39. b3 axb3 40. axb3 Bb2 41. Ne2 f6 42. Nc6 Kf7 43. Ke3 g5 44. Na7 Ke6 45. Kd3 f5 46. b4 f4 47. Nc6 Kf5 48. Ne5 g4 0-1

[Event "January 9 Early 2024"]
[Site "https://www.chess.com"]
[Date "2024.01.11"]
[Round "7"]
[White "Dmitrenko, Viktor"]
[Black "Kraiouchkine, Nikita"]
[Result "0-1"]
[Board "187"]
[TimeControl "180+1"]
[WhiteFideId "14110270"]
[BlackFideId "2607140"]
[WhiteElo "2451"]
[BlackElo "2631"]
[WhiteTeam "UKR"]
[BlackTeam "CAN"]
[WhiteClock "0:00:01"]
[BlackClock "0:00:06"]

1. Nf3 d5 2. d4 Nf6 3. e3 c6 4. c4 Bg4 5. Nc3 e6 6. Qb3 Qb6 7. Ne5 Nbd7 8. Nxg4 Nxg4 9. Be2 Ngf6 10. O-O Be7 11. f4 O-O 12. Bd2 c5 13. cxd5 Qxb3 14. axb3 Nxd5 15. Nxd5 exd5 16. Bf3 Nf6 17. dxc5 Bxc5 18. Rfc1 Bb6 19. Kf2 Rfe8 20. Ra4 Rad8 21. Rc2 Ne4+ 22. Bxe4 Rxe4 23. Rxe4 dxe4 24. Ke2 f5 25. b4 Rd3 26. Rc3 Rxc3 27. bxc3 Kf7 28. c4 Ke6 29. Bc3 g6 30. h3 Bd8 31. g4 fxg4 32. hxg4 h5 33. f5+ gxf5 34. gxh5 Bg5 35. Bd4 a6 36. Kf2 Kf7 37. Be5 Kg8 38. Bd6 Kh7 39. Bf8 Kg8 40. Bd6 Kg7 41. Bc7 Kh6 42. b5 axb5 43. cxb5 Kxh5 44. Ke2 Kg4 45. Bd6 Bf6 46. Bc7 Bc3 47. Bd6 Ba5 0-1

[Event "January 9 Early 2024"]
[Site "https://www.chess.com"]
[Date "2024.01.11"]
[Round "7"]
[White "Aronian, Levon"]
[Black "Daneshvar, Bardiya"]
[Result "1-0"]
[Board "188"]
[TimeControl "180+1"]
[WhiteFideId "13300474"]
[BlackFideId "12576468"]
[WhiteElo "3096"]
[BlackElo "2944"]
[WhiteTeam "USA"]
[BlackTeam "IRI"]
[WhiteClock "0:00:09"]
[BlackClock "0:00:03"]

1. e4 c5 2. Nf3 g6 3. c4 Nc6 4. d4 cxd4 5. Nxd4 Nf6 6. Nc3 d6 7. Nc2 Bg7 8. Be2 O-O 9. O-O Nd7 10. Bd2 Nc5 11. b4 Ne6 12. Rc1 a5 13. b5 Ncd4 14. Nxd4 Nxd4 15. Be3 e5 16. Nd5 Be6 17. Bd3 Rc8 18. Qd2 b6 19. Bg5 f6 20. Be3 Rc5 21. f4 Bxd5 22. cxd5 Qd7 23. Rxc5 dxc5 24. fxe5 fxe5 25. Rxf8+ Bxf8 26. h3 Bd6 27. Qf2 Qf7 28. Qh4 Be7 29. Qg4 h5 30. Qc8+ Qf8 31. Qb7 Qf6 32. Bc4 Kh8 33. d6 Qxd6 34. Bh6 Ne6 35. Qc8+ Nd8 36. Bd5 Kh7 37. Be3 Kg7 38. g4 hxg4 39. Qxg4 Qf6 40. a4 Qh4 41. Qf3 Bg5 42. Bf2 Qf4 43. Qe2 Qc1+ 44. Kg2 Kf6 45. Qg4 Qd2 46. Qd7 Be3 47. Qxd8+ Kg7 48. Qe7+ Kh6 49. Qf8+ Kh7 50. Bg8+ 1-0

[Event "January 9 Early 2024"]
[Site "https://www.chess.com"]
[Date "2024.01.11"]
[Round "7"]
[White "Erzhanov, Arman"]
[Black "Tristan, Leonardo"]
[Result "0-1"]
[Board "189"]
[TimeControl "180+1"]
[WhiteFideId "4138821"]
[BlackFideId "113816"]
[WhiteElo "2537"]
[BlackElo "2741"]
[WhiteTeam "KAZ"]
[BlackTeam "ARG"]
[WhiteClock "0:00:05"]
[BlackClock "0:00:18"]

1. e4 d5 2. exd5 Qxd5 3. Nf3 Bg4 4. Be2 Nc6 5. h3 Bxf3 6. Bxf3 Qe6+ 7. Kf1 O-O-O 8. c3 Nf6 9. d4 Qd6 10. Qa4 Nd5 11. Na3 Nb6 12. Qb3 e5 13. Nb5 Qd7 14. Be3 a6 15. Bxc6 bxc6 16. Na3 exd4 17. Bxd4 c5 18. Be3 Qd3+ 19. Kg1 c4 20. Qc2 Bxa3 21. Qxd3 cxd3 22. bxa3 Na4 23. Bd2 Rhe8 24. Kh2 Re2 25. Be3 d2 26. Bd4 f6 27. Kg3 c5 28. Be3 Nxc3 29. Kf3 Rxe3+ 30. Kxe3 d1=Q 31. Raxd1 Rxd1 32. Rh2 c4 33. f4 Rd3+ 34. Kf2 Ne4+ 35. Ke2 Rd2+ 36. Ke3 c3 37. Rh1 f5 38. g4 g6 39. gxf5 gxf5 40. Rg1 Kc7 41. Rg7+ Rd7 42. Rg2 Kc6 43. h4 h5 44. Rg6+ Kc5 45. Rxa6 c2 46. Ra5+ Kc4 47. Ra4+ Kc3 48. Ra6 c1=Q+ 0-1

[Event "January 9 Early 2024"]
[Site "https://www.chess.com"]
[Date "2024.01.11"]
[Round "7"]
[White "Kanyamarala, Trisha"]
[Black "Von Buelow, Georg"]
[Result "1-0"]
[Board "190"]
[TimeControl "180+1"]
[WhiteFideId "45004722"]
[BlackFideId "4620658"]
[WhiteElo "2519"]
[BlackElo "2145"]
[WhiteTeam "IRL"]
[BlackTeam "GER"]
[WhiteClock "0:00:04"]
[BlackClock "0:00:03"]

1. c4 Nf6 2. Nc3 c5 3. g3 e6 4. Nf3 b6 5. Bg2 Bb7 6. O-O Be7 7. d4 cxd4 8. Nxd4 Bxg2 9. Kxg2 Qc7 10. Ncb5 Qb7+ 11. Kg1 a6 12. Nc3 d6 13. b3 O-O 14. Ba3 Rd8 15. Re1 Nbd7 16. Rc1 Rac8 17. Nc2 Nc5 18. Nd4 h6 19. Bb2 Ncd7 20. e4 Nc5 21. Qe2 Bf8 22. Rcd1 Ncd7 23. f4 e5 24. Nf5 Nc5 25. Nd5 Nxd5 26. cxd5 f6 27. Qg4 Kh7 28. Nh4 Qf7 29. Nf3 Nd7 30. Rf1 Rc2 31. fxe5 dxe5 32. Bxe5 Rxa2 33. Bd4 Qg6 34. Qf4 Bc5 35. Nh4 Qg5 36. Qxg5 hxg5 37. Nf5 Bxd4+ 38. Nxd4 Nc5 39. Nc6 Re8 40. Rd4 Nxb3 41. Rb4 Nd2 42. Rf2 b5 43. Rd4 Ra1+ 44. Kg2 Nxe4 45. Re2 f5 46. d6 1-0

[Event "January 9 Early 2024"]
[Site "https://www.chess.com"]
[Date "2024.01.11"]
[Round "7"]
[White "Foisor, Sabina-Francesca"]
[Black "Gonzalez Vega, Alejandro"]
[Result "0-1"]
[Board "191"]
[TimeControl "180+1"]
[WhiteFideId "1212915"]
[BlackFideId "3510042"]
[WhiteElo "2410"]
[BlackElo "2291"]
[WhiteTeam "USA"]
[BlackTeam "CUB"]
[WhiteClock "0:00:01"]
[BlackClock "0:00:07"]

1. d4 d5 2. c4 e6 3. Nc3 Nf6 4. cxd5 exd5 5. Bg5 Be7 6. e3 c6 7. Bd3 O-O 8. Nge2 h6 9. Bh4 Nh5 10. Bxe7 Qxe7 11. O-O Bg4 12. Qd2 Re8 13. Ng3 Nxg3 14. hxg3 Nd7 15. b4 a6 16. a4 Qg5 17. b5 axb5 18. axb5 Qh5 19. Qb2 Nf6 20. bxc6 Rxa1 21. Rxa1 bxc6 22. Qb7 Bd7 23. Be2 Qf5 24. Ra8 Qc2 25. Rxe8+ Bxe8 26. Qb4 Qc1+ 27. Kh2 Qe1 28. f3 h5 29. Bd3 h4 30. gxh4 Qxh4+ 31. Kg1 Qe1+ 32. Kh2 Qxe3 33. Bc2 g6 34. Nd1 Qf4+ 35. Kg1 Kg7 36. Qe1 Bd7 37. Qf2 Qc1 38. Qe2 Qf4 39. Kf2 Bf5 40. Bxf5 Qxf5 41. Ne3 Qb1 42. Qd2 Qb5 43. Qc3 Nh5 44. g4 Nf4 45. Qc2 Ne6 46. Qd2 Qa4 47. Kg3 Qxd4 48. Qe2 Qf4+ 49. Kg2 Nd4 50. Qf2 Ne6 0-1

[Event "January 9 Early 2024"]
[Site "https://www.chess.com"]
[Date "2024.01.11"]
[Round "7"]
[White "Kukhmazov, Arsen"]
[Black "Iskusnyh, Sergei"]
[Result "1-0"]
[Board "192"]
[TimeControl "180+1"]
[WhiteFideId "24108260"]
[BlackFideId "4120027"]
[WhiteElo "2910"]
[BlackElo "2686"]
[WhiteTeam "FID"]
[BlackTeam "RUS"]
[WhiteClock "0:00:08"]
[BlackClock "0:00:12"]

1. d4 d5 2. c4 c6 3. Nf3 Nf6 4. Qc2 dxc4 5. Qxc4 Bf5 6. g3 e6 7. Bg2 Be7 8. O-O O-O 9. Qb3 Qb6 10. Nbd2 Ne4 11. Nc4 Qa6 12. Nfe5 h6 13. Bf4 Nf6 14. Rfd1 Nbd7 15. Nxd7 Nxd7 16. Nd6 Bxd6 17. Bxd6 Rfe8 18. e4 Bg6 19. Rac1 Rad8 20. Bc7 Rc8 21. Bd6 Rcd8 22. Bf1 Qb6 23. Qxb6 Nxb6 24. Bc7 Rc8 25. Bxb6 axb6 26. f3 Ra8 27. a3 Ra4 28. Kf2 b5 29. Ke3 b4 30. Rc4 Rea8 31. Rxb4 Rxb4 32. axb4 Ra2 33. Rd2 Kf8 34. b5 cxb5 35. Bxb5 Ke7 36. h4 f6 37. Rc2 Kd8 38. Bc4 Ra1 39. Bxe6 h5 40. d5 Rg1 41. Kf4 Be8 42. Rc8+ Ke7 43. Rc7+ Kd6 44. Rxg7 b5 45. Rg8 Ke7 46. Bf5 Rg2 47. d6+ 1-0

[Event "January 9 Early 2024"]
[Site "https://www.chess.com"]
[Date "2024.01.11"]
[Round "7"]
[White "Buscar, Michael"]
[Black "Goryachkina, Aleksandra"]
[Result "0-1"]
[Board "193"]
[TimeControl "180+1"]
[WhiteFideId "2603616"]
[BlackFideId "4147103"]
[WhiteElo "2427"]
[BlackElo "2658"]
[WhiteTeam "CAN"]
[BlackTeam "FID"]
[WhiteClock "0:00:13"]
[BlackClock "0:00:08"]

1. d4 Nf6 2. c4 e6 3. Nf3 d5 4. g3 Bb4+ 5. Bd2 a5 6. a3 Bxd2+ 7. Nbxd2 O-O 8. Bg2 c6 9. O-O b6 10. Qc2 Bb7 11. cxd5 cxd5 12. Rfc1 Nc6 13. e3 Rc8 14. Qb3 Nd7 15. Bf1 Qe7 16. Bb5 h6 17. Rc2 e5 18. Bxc6 Rxc6 19. Rxc6 Bxc6 20. Rc1 Ba8 21. dxe5 Nxe5 22. Qxb6 Nc4 23. Qd4 Rb8 24. Rc2 a4 25. Ne1 h5 26. Nxc4 dxc4 27. Qxc4 Qb7 28. f3 Qa7 29. Kf2 Re8 30. Qd4 Qa6 31. Ng2 Qb7 32. e4 Qb3 33. Rd2 Rc8 34. Nh4 Kh7 35. Nf5 f6 36. Qd7 Rg8 37. Qf7 Qxf7 38. Nd6 Qg6 39. Kg2 Rd8 40. Rd4 Rd7 41. Nb5 Bc6 42. Rxd7 Bxd7 43. Nd4 Qf7 44. Ne2 Qc4 45. Nf4 Qb3 46. Nxh5 Qc2+ 47. Kg1 Qxb2 48. Nf4 Qb1+ 49. Kf2 Qa2+ 50. Kf1 Qxa3 0-1

[Event "January 9 Early 2024"]
[Site "https://www.chess.com"]
[Date "2024.01.11"]
[Round "7"]
[White "Galchenko, Matvey"]
[Black "Erigaisi Arjun"]
[Result "1-0"]
[Board "194"]
[TimeControl "180+1"]
[WhiteFideId "24175480"]
[BlackFideId "35009192"]
[WhiteElo "2919"]
[BlackElo "3015"]
[WhiteTeam "FID"]
[BlackTeam "IND"]
[WhiteClock "0:00:06"]
[BlackClock "0:00:11"]

1. e4 c6 2. d4 d5 3. exd5 cxd5 4. Bd3 Nc6 5. c3 e5 6. dxe5 Nxe5 7. Qe2 Qe7 8. Bc2 Nf6 9. Bf4 Ng6 10. Bg5 Qxe2+ 11. Nxe2 Be7 12. Nd2 O-O 13. O-O-O h6 14. Bxf6 Bxf6 15. Nf3 Re8 16. Rhe1 Bg4 17. Bxg6 fxg6 18. Rxd5 Bxf3 19. gxf3 Bh4 20. Kd2 Bxf2 21. Rf1 Bb6 22. c4 Rad8 23. Nc3 g5 24. b4 Bc7 25. h3 Bf4+ 26. Kc2 Rc8 27. c5 Re3 28. Rd3 Re6 29. Rfd1 Kh7 30. Rd7 b6 31. Rxa7 bxc5 32. b5 Re3 33. Rd3 Re1 34. Rdd7 Be5 35. Re7 Re3 36. Ne4 Bd4 37. Nf6+ Kg6 38. Rxe3 Bxe3 39. Nd5 Re8 40. Nxe3 Rxe3 41. b6 Re2+ 42. Kc3 Re1 43. a4 Rb1 44. a5 Kh5 45. b7 Kh4 46. a6 Kxh3 47. Ra8 g4 48. fxg4 1-0

[Event "January 9 Early 2024"]
[Site "https://www.chess.com"]
[Date "2024.01.11"]
[Round "7"]
[White "Khumalo, Keith"]
[Black "Xu, Yi"]
[Result "0-1"]
[Board "195"]
[TimeControl "180+1"]
[WhiteFideId "14319470"]
[BlackFideId "8605564"]
[WhiteElo "2688"]
[BlackElo "2868"]
[WhiteTeam "RSA"]
[BlackTeam "CHN"]
[WhiteClock "0:00:17"]
[BlackClock "0:00:08"]

1. d4 Nf6 2. c4 e6 3. Nf3 d5 4. g3 Be7 5. Bg2 O-O 6. O-O dxc4 7. Qc2 a6 8. a4 Qd7 9. Rd1 Qd8 10. Ne5 Nd5 11. e4 Nb4 12. Qe2 Nd3 13. Nxd3 cxd3 14. Rxd3 Bd7 15. Nc3 Nc6 16. Bf4 Nb4 17. Rdd1 Rc8 18. Qc4 c5 19. d5 Nc2 20. dxe6 fxe6 21. Rac1 Nd4 22. Be3 b5 23. axb5 axb5 24. Qa2 b4 25. Bxd4 cxd4 26. Ne2 d3 27. Rxd3 Qb6 28. Rf3 Bc5 29. Rf1 Bb5 30. b3 Rxf3 31. Bxf3 Rf8 32. Kg2 e5 33. Qd2 Qe6 34. Rc1 Qxb3 35. Ng1 Bd4 36. Rc7 Rf7 37. Rc8+ Rf8 38. Rc7 h6 39. Rb7 Qc4 40. Qe1 b3 41. Be2 Qc2 42. Rxb5 Rxf2+ 43. Qxf2 Bxf2 44. Rb8+ Kh7 45. Kxf2 b2 46. Nf3 b1=Q 47. Rxb1 Qxb1 48. Nxe5 Qb6+ 49. Kg2 Qb2 0-1

[Event "January 9 Early 2024"]
[Site "https://www.chess.com"]
[Date "2024.01.11"]
[Round "7"]
[White "Ladan, Nicholas"]
[Black "Kislinsky, Alexey"]
[Result "0-1"]
[Board "196"]
[TimeControl "180+1"]
[WhiteFideId "30918855"]
[BlackFideId "14108801"]
[WhiteElo "2479"]
[BlackElo "2739"]
[WhiteTeam "USA"]
[BlackTeam "CZE"]
[WhiteClock "0:00:01"]
[BlackClock "0:00:15"]

1. Nf3 Nf6 2. g3 g6 3. Bg2 Bg7 4. O-O O-O 5. c4 c6 6. d4 d5 7. cxd5 cxd5 8. Ne5 Ne4 9. Nd2 Nxd2 10. Bxd2 Nd7 11. Bf4 Nxe5 12. Bxe5 Bf5 13. Rc1 Bxe5 14. dxe5 Be4 15. Bxe4 dxe4 16. Rc4 Qxd1 17. Rxd1 Rfd8 18. Rxd8+ Rxd8 19. Rxe4 Rd2 20. Rb4 b6 21. Kf1 Rd5 22. f4 Rd1+ 23. Kf2 Kg7 24. Rb3 e6 25. h4 h6 26. Kf3 g5 27. hxg5 hxg5 28. e3 Kg6 29. Kg4 Rd2 30. a4 Rc2 31. e4 gxf4 32. gxf4 Rg2+ 33. Rg3 Rxb2 34. f5+ Kg7 35. Kf4+ Kf8 36. Kg5 Rb4 37. Kf6 Rxe4 38. Rc3 Ke8 39. fxe6 Rf4+ 40. Kg5 Rxa4 41. Rc7 fxe6 42. Kf6 Kd8 43. Rb7 Kc8 44. Rh7 b5 45. Kxe6 b4 46. Rh4 a5 47. Kf7 Ra1 48. Rf4 Re1 49. e6 b3 50. e7 b2 51. Rc4+ Kb7 0-1

[Event "January 9 Early 2024"]
[Site "https://www.chess.com"]
[Date "2024.01.11"]
[Round "7"]
[White "Hrebenshchykova, Yelyzaveta"]
[Black "Chemin, Justo Reinaldo"]
[Result "1-0"]
[Board "197"]
[TimeControl "180+1"]
[WhiteFideId "14159899"]
[BlackFideId "2101580"]
[WhiteElo "2490"]
[BlackElo "2240"]
[WhiteTeam "UKR"]
[BlackTeam "BRA"]
[WhiteClock "0:00:05"]
[BlackClock "0:00:01"]

1. e4 e5 2. Nf3 Nc6 3. Bb5 a6 4. Ba4 Nf6 5. O-O b5 6. Bb3 Be7 7. d4 d6 8. c3 Bg4 9. Be3 O-O 10. h3 Bh5 11. Nbd2 Bg6 12. d5 Nb8 13. Bc2 Nbd7 14. Re1 Qc8 15. Nh4 c6 16. Nxg6 hxg6 17. dxc6 Qxc6 18. a4 Nc5 19. Bg5 bxa4 20. Nc4 Rad8 21. Bxa4 Nxa4 22. Qxa4 Qb5 23. Qxa6 Qb3 24. Na5 Qxb2 25. Nc6 Rde8 26. Qc4 Bd8 27. Reb1 Qc2 28. Bxf6 gxf6 29. Nb4 Qd2 30. Rd1 Qg5 31. Rxd6 f5 32. Rad1 Bf6 33. Nd5 Bg7 34. exf5 gxf5 35. Ne3 f4 36. Nd5 f3 37. g3 Qf5 38. Kh2 e4 39. Ne3 Qg5 40. R1d5 Qe7 41. Rd7 Qe6 42. R7d6 Qe7 43. Qb5 Rd8 44. Rxd8 Rxd8 45. Rxd8+ Qxd8 46. Qd5 Qb6 47. c4 Qb2 48. Kg1 Qc1+ 49. Qd1 1-0

[Event "January 9 Early 2024"]
[Site "https://www.chess.com"]
[Date "2024.01.11"]
[Round "7"]
[White "Tharushi, T H D Niklesha"]
[Black "Poddubnyi, Viktor"]
[Result "0-1"]
[Board "198"]
[TimeControl "180+1"]
[WhiteFideId "9918264"]
[BlackFideId "4141989"]
[WhiteElo "2253"]
[BlackElo "2430"]
[WhiteTeam "SRI"]
[BlackTeam "RUS"]
[WhiteClock "0:00:05"]
[BlackClock "0:00:08"]

1. d4 g6 2. g3 Bg7 3. Bg2 Nf6 4. c3 O-O 5. Nf3 d6 6. O-O Nc6 7. Nbd2 e5 8. e4 Bg4 9. h3 Bxf3 10. Nxf3 Nxe4 11. Nxe5 dxe5 12. Bxe4 exd4 13. Qf3 dxc3 14. bxc3 Ne5 15. Qg2 c6 16. Ba3 Re8 17. Rad1 Qb6 18. Rb1 Qa6 19. Rb3 Nc4 20. Bc1 Nd6 21. Bb1 Nb5 22. Bb2 Re7 23. Bc2 Rae8 24. a4 Qxa4 25. Ra1 Re1+ 26. Rxe1 Rxe1+ 27. Kh2 Re2 28. Bd1 Rd2 29. Qf3 Qa2 30. Qe3 Rxb2 31. Qe8+ Bf8 32. Rxb2 Qxb2 33. Kg2 Qxc3 34. Bg4 Qd4 35. Bc8 Nd6 36. Qd8 Qe4+ 37. Kg1 Nxc8 38. Qxc8 b5 39. Qa6 b4 40. Qxa7 b3 41. Qb6 Qc2 42. Kg2 b2 43. h4 b1=Q 44. Qd8 Qe4+ 45. Kh3 Qbh1# 0-1

[Event "January 9 Early 2024"]
[Site "https://www.chess.com"]
[Date "2024.01.11"]
[Round "7"]
[White "Matko, Ognjen"]
[Black "Gokerkan, Cem Kaan"]
[Result "0-1"]
[Board "199"]
[TimeControl "180+1"]
[WhiteFideId "14509717"]
[BlackFideId "6336760"]
[WhiteElo "2510"]
[BlackElo "2811"]
[WhiteTeam "CRO"]
[BlackTeam "TUR"]
[WhiteClock "0:00:01"]
[BlackClock "0:00:09"]

1. g3 h5 2. Bg2 h4 3. gxh4 e5 4. d4 exd4 5. Nf3 c5 6. c3 d5 7. cxd4 Nc6 8. dxc5 Bxc5 9. O-O Bg4 10. Nbd2 Nf6 11. Qa4 Qe7 12. Nb3 Bb6 13. Bg5 O-O-O 14. Rac1 Bd7 15. Nfd4 Kb8 16. Rxc6 bxc6 17. Qxc6 Qe5 18. Qxd7 Nxd7 19. Nc6+ Kc7 20. Nxe5 Nxe5 21. Bxd8+ Rxd8 22. e3 Nc4 23. a4 a5 24. Rd1 Nxb2 25. Rxd5 Rxd5 26. Bxd5 f6 27. Nd2 Nxa4 28. Nc4 Nc3 29. Nxb6 Kxb6 30. Bf7 a4 31. Kg2 a3 32. Kg3 Kc5 33. Bb3 Kb4 34. Bf7 Ne2+ 35. Kg4 Nc1 36. Kh5 Nb3 37. Bxb3 Kxb3 38. Kg6 a2 39. Kxg7 a1=Q 40. h5 Qg1+ 41. Kxf6 Qxf2+ 42. Kg7 Qg2+ 43. Kh7 Qe4+ 44. Kg7 Qe5+ 45. Kg6 Qd6+ 46. Kg7 Qe5+ 47. Kg6 Kc4 48. h6 Kd5 49. h7 Ke6 50. h4 Qf6+ 0-1

[Event "January 9 Early 2024"]
[Site "https://www.chess.com"]
[Date "2024.01.11"]
[Round "7"]
[White "Tqebuchava, Zurab"]
[Black "Sultanbek, Zeinep"]
[Result "0-1"]
[Board "200"]
[TimeControl "180+1"]
[WhiteFideId "13601113"]
[BlackFideId "13710419"]
[WhiteElo "2128"]
[BlackElo "2301"]
[WhiteTeam "GEO"]
[BlackTeam "KAZ"]
[WhiteClock "0:00:04"]
[BlackClock "0:00:04"]

1. e4 c5 2. Nf3 d6 3. Bb5+ Bd7 4. Bxd7+ Nxd7 5. O-O Ngf6 6. Re1 e6 7. c3 Be7 8. d4 cxd4 9. Nxd4 a6 10. Nd2 O-O 11. N2f3 Qc7 12. Bg5 h6 13. Bh4 b5 14. h3 Rab8 15. Bg3 Ne5 16. Nxe5 dxe5 17. Nf3 Nd7 18. Qe2 Bf6 19. Red1 Nc5 20. Rd2 b4 21. cxb4 Rxb4 22. Rc2 Qb6 23. Qe3 Nxe4 24. Qxb6 Rxb6 25. Bxe5 Bxe5 26. Nxe5 Rfb8 27. b3 Rd6 28. Nc4 Rd4 29. Re1 Rb5 30. g3 a5 31. Kg2 a4 32. Rxe4 axb3 33. axb3 Rxe4 34. Nd6 Reb4 35. Nxb5 Rxb5 36. Rc8+ Kh7 37. Rc3 e5 38. Kf3 f5 39. Ke3 g5 40. f3 Kg6 41. g4 f4+ 42. Ke4 Kf6 43. Rc6+ Kg7 44. Rc3 Kf6 45. Rc6+ Ke7 46. Kf5 Rxb3 0-1

[Event "January 9 Early 2024"]
[Site "https://www.chess.com"]
[Date "2024.01.11"]
[Round "7"]
[White "Saim, Mohamed Ilias"]
[Black "Kornyukov, Alexey"]
[Result "1-0"]
[Board "201"]
[TimeControl "180+1"]
[WhiteFideId "7900465"]
[BlackFideId "4150457"]
[WhiteElo "2111"]
[BlackElo "2252"]
[WhiteTeam "ALG"]
[BlackTeam "RUS"]
[WhiteClock "0:00:06"]
[BlackClock "0:00:05"]

1. d4 Nf6 2. Bg5 d5 3. Bxf6 exf6 4. e3 Bd6 5. g3 O-O 6. Bg2 c6 7. Nd2 Qb6 8. Qc1 Bf5 9. Ne2 Na6 10. a3 c5 11. Bxd5 Rfe8 12. Nc4 Qc7 13. Nxd6 Qxd6 14. c4 Nc7 15. Bxb7 cxd4 16. Bf3 dxe3 17. fxe3 Be4 18. O-O Bxf3 19. Rxf3 Qd3 20. Nf4 Qe4 21. Qf1 Rab8 22. b4 Ne6 23. Nd5 Ng5 24. Rxf6 Qg4 25. Rf4 Nh3+ 26. Kh1 Nxf4 27. Qxf4 Qxf4 28. gxf4 Re4 29. Rc1 Rc8 30. c5 Rd8 31. c6 g6 32. c7 Rc8 33. Kg2 Kg7 34. Kf3 Re6 35. e4 f5 36. e5 Kf7 37. Ke3 Ra6 38. Rc3 Ke6 39. Kd4 Kd7 40. Nf6+ Ke6 41. b5 Rb6 42. Nd5 Rxb5 43. Rc6+ Kf7 44. Rd6 Rb7 45. Rd7+ Ke8 46. Re7+ Kf8 47. Rxh7 Kg8 48. Rd7 Kf8 49. e6 Ke8 50. Nf6+ Kf8 51. Rf7# 1-0

[Event "January 9 Early 2024"]
[Site "https://www.chess.com"]
[Date "2024.01.11"]
[Round "7"]
[White "Mena, Martin"]
[Black "Teillet, Benoit"]
[Result "0-1"]
[Board "202"]
[TimeControl "180+1"]
[WhiteFideId "10651225"]
[BlackFideId "616591"]
[WhiteElo "2078"]
[BlackElo "2262"]
[WhiteTeam "EGY"]
[BlackTeam "FRA"]
[WhiteClock "0:00:04"]
[BlackClock "0:00:11"]

1. c4 d6 2. g3 Nf6 3. Bg2 g6 4. Nc3 Bg7 5. d3 O-O 6. Bg5 c6 7. Qd2 Nbd7 8. e4 e5 9. Nge2 Re8 10. O-O Nf8 11. h3 Ne6 12. Bh6 Bh8 13. f4 exf4 14. gxf4 Nh5 15. f5 Nd4 16. Bg5 Qb6 17. Be3 Nxe2+ 18. Qxe2 Bd4 19. Bxd4 Qxd4+ 20. Qf2 Qxf2+ 21. Rxf2 gxf5 22. exf5 f6 23. Ne4 d5 24. cxd5 cxd5 25. Nd6 Re5 26. Nb5 Bxf5 27. d4 Re3 28. Rxf5 Ng3 29. Bxd5+ Kg7 30. Rxf6 Kxf6 31. Kf2 Nf5 32. Bf3 Rae8 33. Rc1 Nxd4 34. Nxd4 Rd3 35. Ne2 Rd2 36. Rc3 Rxb2 37. Rb3 Rxa2 38. Rxb7 a5 39. Ra7 Re6 40. Ra6 a4 41. Rxe6+ Kxe6 42. Ke3 a3 43. Nd4+ Ke5 44. Ne2 Rxe2+ 45. Bxe2 a2 46. Bd3 a1=Q 47. Bxh7 Qd4+ 48. Kf3 Qh4 49. Kg2 Qxh7 50. Kh2 Kf4 51. Kg2 Qg7+ 52. Kh2 Kf3 53. Kh1 Qg2# 0-1